 Dungeon Crawl Stone Soup version 0.31-a0-925-g0a390f2509 (webtiles) character file.

Game seed: 964101622012126897

4602 Demosthentine the Trooper (level 10, 0/72 HPs)
             Began as a Demonspawn Gladiator on Oct 18, 2023.
             Was a Follower of Hepliaklqana.
             Slain by an ice beast (13 damage)
             ... on level 9 of the Dungeon.
             The game lasted 00:08:45 (7389 turns).

Demosthentine the Trooper (Demonspawn Gladiator)    Turns: 7389, Time: 00:08:46

Health: 0/72       AC:  8    Str: 17    XL:     10   Next: 19%
Magic:  12/12      EV: 16    Int:  9    God:    Hepliaklqana [*.....]
Gold:   241        SH:  0    Dex: 17    Spells: 9/9 levels left

rFire   . . .        a - +1 trident (venom)
rCold   . . .        (no shield)
rNeg    . . .        b - +0 leather armour
rPois   .            (helmet restricted)
rElec   .            (no cloak)
rCorr   .            A - +1 pair of gloves
SInv    +            B - +1 pair of boots
Will    +....        (no amulet)
Stlth   +            q - ring of see invisible
HPRegen 0.32/turn    k - ring of willpower
MPRegen 0.13/turn

%: no passive effects
@: no status effects
A: reduced essence, horns 2, spiny 2, weakness stinger 2
a: Renounce Religion, Recall Ancestor, Ancestor Identity


You were on level 9 of the Dungeon.
You worshipped Hepliaklqana.
Hepliaklqana was aware of your devotion.
You visited 2 branches of the dungeon, and saw 10 of its levels.

You collected 338 gold pieces.
You spent 97 gold pieces at shops.

Inventory:

Hand Weapons
 a - a +1 trident of venom (weapon)
Missiles
 e - a javelin
 h - 4 silver javelins
Armour
 b - a +0 leather armour (worn)
 A - a +1 pair of gloves (worn)
 B - a +1 pair of boots (worn)
Jewellery
 k - a ring of willpower (right hand)
 q - a ring of see invisible (left hand)
 t - a ring of protection from cold
 C - a +6 ring of intelligence
Wands
 c - a wand of paralysis (2)
 z - a wand of flame (12)
Scrolls
 i - 2 scrolls of revelation
 m - 4 scrolls of teleportation
 n - 4 scrolls of enchant weapon
 v - 2 scrolls of fear
 x - a scroll of fog
 y - a scroll of poison
 E - a scroll of blinking
 F - 2 scrolls of brand weapon
Potions
 d - a potion of heal wounds
 g - 4 potions of brilliance
 j - 6 potions of mutation {unknown}
 l - 3 potions of cancellation {unknown}
 o - 2 potions of lignification
 p - 2 potions of haste
 r - 5 potions of curing
 s - a potion of magic
 u - 2 potions of might {unknown}
 w - a potion of enlightenment


   Skills:
 + Level 7.8 Fighting
 + Level 7.4 Polearms
 - Level 1.7 Throwing
 - Level 6.0 Armour
 + Level 7.4 Dodging
 + Level 3.9 Invocations


You had 9 spell levels left.
You didn't know any spells.
Your spell library contained the following spells:

 Spells                   Type           Power      Damage    Failure   Level
 Kiss of Death            Conj/Necr      0%         2d5       43%         1
 Sandblast                Erth           0%         2d4       43%         1
 Passwall                 Tmut/Erth      0%         N/A       58%         2
 Sublimation of Blood     Necr           0%         N/A       58%         2
 Wereblood                Tmut           0%         N/A       58%         2
 Confusing Touch          Hex            0%         N/A       82%         3
 Stone Arrow              Conj/Erth      0%         3d7       82%         3
 Brom's Barrelling Bould  Conj/Erth      0%         2d3       99%         4
 Dispel Undead            Necr           0%         3d6       99%         4
 Summon Hydra             Summ           0%         N/A       100%        7


Dungeon Overview and Level Annotations

Branches:
Dungeon (9/15)             Temple (1/1) D:7            Lair (0/5) D:8
    Orc: D:9-12

Altars:
Ashenzari
Cheibriados
Dithmenos
Fedhas
Hepliaklqana
Kikubaaqudgha
Makhleb
Qazlal
Ru
Sif Muna
Trog
Uskayaw
Wu Jian
Xom
Yredelemnul

Shops:
D:8 ?


Innate Abilities, Weirdness & Mutations

Your life essence is reduced to manifest your ancestor. (-10% HP)
You have a pair of horns on your head.
You are mostly covered in sharp spines.
You have a tail ending in a sharp stinger.


Message History

Unknown command.
You hit the centaur.
The centaur is poisoned.
You tail-slap the centaur.
The centaur is heavily wounded.
The ice beast hits you but does no damage.
Xochipepe hits the centaur but does no damage.
The centaur unwields a +3 shortbow of flaming.
It stops flaming.
The centaur misses Xochipepe.
The centaur kicks Xochipepe.
Unknown command.
You barely miss the centaur. You headbutt the centaur.
You tail-slap the centaur.
The centaur is severely wounded.
The centaur hits you but does no damage.
The centaur barely misses you.
The ice beast hits you but does no damage.
Xochipepe hits the centaur.
You hit the centaur.
You kill the centaur!
The ice beast closely misses you.
Xochipepe hits the ice beast.
Unknown command.
You hit the ice beast but do no damage.
The ice beast is lightly wounded.
The ice beast hits you but does no damage.
Xochipepe barely misses the ice beast.
Unknown command.
You puncture the ice beast!
The ice beast is poisoned.
Your headbutt misses the ice beast.
The ice beast is moderately wounded.
The ice beast hits you. The ice beast freezes you!
* * * LOW HITPOINT WARNING * * *
Xochipepe hits the ice beast but does no damage.
Unknown command.
You hit the ice beast but do no damage. You headbutt the ice beast.
The ice beast is moderately wounded.
The ice beast is struck by your spines. The ice beast barely misses you.
You hit the ice beast but do no damage.
The ice beast is severely wounded.
Xochipepe hits the ice beast!
The ice beast hits you.
* * * LOW HITPOINT WARNING * * *
The ice beast freezes you!
You die...

#.# #.# #.#+## #....#
... #....##...
#....#..#.. +.)R.~~≈#.#
#@Y~~~~≈#.# ~~~
####~~≈≈≈~≈#.#≈≈≈≈~~
#....~~≈≈≈≈#.#≈≈≈~~~
#..../..≈~≈#.#≈≈~..
#..........#.#....#
#...............#
#...............####
#..................#
########+####..##.##.##


You could see the friendly Xochipepe the ancestor and an ice beast (very
poisoned, ally target).

Vanquished Creatures
  2 hornets
  An unseen horror simulacrum (D:9)
  An acid dragon (D:5)
  4 water moccasins
  3 ice beasts
  An orc warrior (D:7)
  4 black bears
  3 centaurs
  5 ogres
  2 phantoms
  2 kobold brigands
  2 bullfrogs
  2 gnoll sergeants
  5 scorpions
  3 wights (D:8)
  6 killer bees (D:8)
  An electric eel (D:9)
  3 howler monkeys (D:8)
  2 jellies
  3 orc priests
  5 hounds
  3 iguanas
  2 sleepcaps
  2 orc wizards
  11 gnolls
  4 adders
  A shadow imp (D:5)
  2 white imps
  A worm (D:4)
  A dart slug (D:4)
  11 orcs
  11 ball pythons
  5 bats
  5 endoplasms
  4 giant cockroaches
  9 goblins
  6 hobgoblins
  6 jackals (D:4)
  8 kobolds
  3 quokkas
  5 frilled lizards
  2 rats
162 creatures vanquished.

Notes
Turn   | Place    | Note
-------+----------+-------------------------------------------
     0 | D:1      | Demosthentine the Demonspawn Gladiator began the quest for
                  | the Orb.
     0 | D:1      | Reached XP level 1. HP: 16/16 MP: 1/1
   197 | D:1      | Discovered your monstrous ancestry.
   197 | D:1      | Gained mutation: You have a small tail. [demonic ancestry]
   197 | D:1      | Reached XP level 2. HP: 20/22 MP: 2/2
   636 | D:2      | Reached skill level 1 in Armour
   636 | D:2      | Gained mutation: You are partially covered in sharp spines.
                  | [demonic ancestry]
   636 | D:2      | Reached XP level 3. HP: 28/28 MP: 3/3
   790 | D:2      | Found a shimmering blue altar of Sif Muna.
  1353 | D:3      | Found a burning altar of Makhleb.
  1450 | D:3      | Gained mutation: You have a tail ending in a sharp stinger.
                  | [demonic ancestry]
  1450 | D:3      | Reached XP level 4. HP: 31/34 MP: 4/4
  1960 | D:4      | Gained mutation: You are mostly covered in sharp spines.
                  | [demonic ancestry]
  1960 | D:4      | Reached XP level 5. HP: 30/41 MP: 5/5
  2154 | D:4      | Reached XP level 6. HP: 43/47 MP: 6/6
  2317 | D:4      | Gained mutation: You have a pair of small horns on your
                  | head. [demonic ancestry]
  2317 | D:4      | Reached XP level 7. HP: 17/54 MP: 7/7
  2968 | D:5      | Entered Level 5 of the Dungeon
  3345 | D:5      | Reached skill level 5 in Fighting
  3345 | D:5      | Reached skill level 5 in Polearms
  3345 | D:5      | Reached skill level 5 in Dodging
  3345 | D:5      | Reached XP level 8. HP: 52/62 MP: 8/8
  4244 | D:5      | Reached skill level 5 in Armour
  4556 | D:6      | Gained mutation: You have a pair of horns on your head.
                  | [demonic ancestry]
  4556 | D:6      | Reached XP level 9. HP: 20/69 MP: 9/9
  4725 | D:6      | Found a sacrificial altar of Ru.
  5352 | D:7      | Found a snail-covered altar of Cheibriados.
  5521 | D:7      | Found a shadowy altar of Dithmenos.
  5908 | D:7      | Found a staircase to the Ecumenical Temple.
  5925 | Temple   | Entered the Ecumenical Temple
  5946 | Temple   | Became a worshipper of Hepliaklqana the Forgotten
  6239 | D:7      | Found a shimmering altar of Xom.
  6239 | D:7      | Found a shimmering altar of Xom.
  6287 | D:7      | Found a shimmering altar of Xom.
  6291 | D:7      | Found a shimmering altar of Xom.
  6513 | D:8      | Reached skill level 1 in Invocations
  6628 | D:8      | Reached XP level 10. HP: 49/79 MP: 12/12
  7060 | D:8      | Found a staircase to the Lair.
  7130 | D:8      | Found Dicihi's Magic Scroll Boutique.
  7138 | D:8      | Bought a scroll of blinking for 97 gold pieces
  7247 | D:9      | Reached * piety under Hepliaklqana
  7389 | D:9      | Slain by an ice beast

Illustrated notes

Levels and vault maps discovered:
D:1:      amcnicky_arrival_flooded_fountain, layout_basic, minmay_pentomino_p4
D:2:      layout_loops_ring, basic_altar, kennysheep_crisscross
D:3:      layout_basic, mainiacjoe_overflow_catwalk,
          ebering_dispersal_statue_hall
D:4:      layout_basic, kennysheep_generic_room_2
D:5:      minmay_chambers_of_fours, layout_basic, cheibrodos_gnoll_hut
D:6:      layout_loops_ring, nicolae_ru_great_annihilating_truth, nrook_uturn,
          minmay_misc_feat_four_crosses
D:7:      layout_basic, xom_shifter_show, mainiacjoe_overflow_chevrons,
          chequers_temple_overflow_statue_of_worship,
          minmay_temple_entry_glassed_door,
          nicolae_concentric_dashed_squares_mild
D:8:      layout_rooms, lair_entry_dummy, serial_shops, nicolae_shop_crystal
D:9:      layout_basic, marbit_many_paths,
          mainiacjoe_overflow_concentric_impassable,
          mainiacjoe_overflow_boulevard, serial_ice, serial_ice_b, serial_ice_d,
          serial_ice_e, serial_ice_l
Temple:   hellmonk_temple_of_storms

Skill      XL: |  1  2  3  4  5  6  7  8  9 |
---------------+----------------------------+-----
Dodging        | 3 4 5 6 7 |  7.4
Polearms       | 3 4 5 6 7 |  7.4
Armour         | 1 2 3 4 5 6 |  6.0
Fighting       | 3 4 5 6 7 |  7.8
Invocations    | 3 |  3.9
Throwing       | |  1.7

Action                     |  1- 3 |  4- 6 |  7- 9 | 10-12 || total
---------------------------+-------+-------+-------+-------++-------
  Melee: Trident           |    91 |    83 |   279 |    38 ||   491
         Tailslap          |     4 |     8 |    34 |     5 ||    51
         Punch             |       |     1 |     2 |       ||     3
         Headbutt          |       |       |    52 |     6 ||    58
  Throw: Throwing net      |       |     1 |     2 |       ||     3
    Use: Scroll            |     9 |     3 |     6 |     3 ||    21
         Potion            |       |     1 |     4 |     1 ||     6
   Stab: Sleeping          |     2 |       |     6 |       ||     8
         Held in net/web   |       |       |     4 |       ||     4
         Paralysed         |       |       |     1 |       ||     1
 Armour: Leather armour    |    31 |    28 |   120 |    32 ||   211
  Dodge: Dodged            |    34 |    28 |   136 |    29 ||   227

Table legend: (Time is in decaauts)
 A = Elapsed time spent in this place.
 B = Non-inter-level travel time spent in this place.
 C = Inter-level travel time spent in this place.
 D = Time resting spent in this place.
 E = Time spent auto-exploring this place.
 F = Levels seen in this place.
 G = Mean time per level.
                   A        B        C        D        E       F      G
               +--------+--------+--------+--------+--------+-----+--------+
         Total |   7423 |   7190 |    233 |    288 |   5756 |  10 |  742.3 |
       Dungeon |   7380 |   7147 |    233 |    288 |   5756 |   9 |  820.0 |
        Temple |     42 |     42 |      0 |      0 |      0 |   1 |   42.0 |
               +--------+--------+--------+--------+--------+-----+--------+

Top non-repeatable levels by time:
     D:5: 1463 daAuts
     D:4: 1173 daAuts
     D:6: 1135 daAuts
     D:7: 885 daAuts
     D:8: 723 daAuts
     D:2: 647 daAuts
     D:3: 613 daAuts
     D:1: 571 daAuts
     D:9: 167 daAuts
  Temple: 42 daAuts
